 Dungeon Crawl Stone Soup version 0.23.2-40-g277498a (webtiles) character file.

Game seed: 16628784094972378294

275 Fang the Skirmisher (level 6, -7/58 HPs)
             Began as a Gargoyle Berserker on Oct 22, 2019.
             Was a Priest of Trog.
             Mangled by a two-headed ogre
             ... wielding a +0 giant spiked club
              (12 damage)
             ... on level 4 of the Dungeon.
             The game lasted 00:05:02 (2448 turns).

Fang the Skirmisher (Gargoyle Berserker)            Turns: 2448, Time: 00:05:03

Health: -7/58      AC: 16    Str: 27    XL:     6   Next: 25%
Magic:  6/6        EV:  9    Int:  8    God:    Trog [***...]
Gold:   205        SH:  0    Dex:  9    Spells: 5/5 levels left

rFire    . . .     SeeInvis .   a - +0 hand axe
rCold    . . .     Gourm    .   (no shield)
rNeg     + . .     Faith    .   b - +0 chain mail
rPois    ∞         Spirit   .   (no helmet)
rElec    +         Reflect  .   s - +2 cloak
rCorr    .         Harm     .   (no gloves)
MR       .....                  (no boots)
Stlth    ..........             e - amulet of magic regeneration
HPRegen  0.19/turn              (no ring)
MPRegen  0.35/turn              (no ring)

@: berserking, very quick
A: negative energy resistance 1, electricity resistance, unbreathing,
petrification resistance, rot immunity, AC +4
a: Berserk, Trog's Hand, Renounce Religion


You were on level 4 of the Dungeon.
You worshipped Trog.
Trog was most pleased with you.
You were hungry.

You visited 1 branch of the dungeon, and saw 4 of its levels.

You collected 205 gold pieces.

Inventory:

Hand Weapons
 a - a +0 hand axe (weapon)
Armour
 b - a +0 chain mail (worn)
 s - a +2 cloak (worn)
Jewellery
 e - an amulet of magic regeneration (around neck)
Scrolls
 d - a scroll of fog {unknown}
 i - 2 scrolls of enchant weapon {unknown}
 k - 2 scrolls of identify {unknown}
 l - 3 scrolls of remove curse {unknown}
 m - a scroll of amnesia {unknown}
 r - a scroll of immolation {unknown}
Potions
 g - 2 potions of brilliance {unknown}
 h - a potion of curing {unknown}
 j - a potion of berserk rage {unknown}
 n - a potion of might {unknown}
 o - a potion of heal wounds {unknown}
 p - a potion of lignification {unknown}
 q - a potion of cancellation {unknown}
Comestibles
 c - 6 rations
 f - 11 chunks of flesh


   Skills:
 + Level 4.6 Fighting
 + Level 3.9 Axes
 + Level 3.8 Armour
 + Level 2.9 Dodging


You had 5 spell levels left.
You didn't know any spells.
Your spell library was empty.

Dungeon Overview and Level Annotations

Branches:
Dungeon (4/15)
 Temple: D:4-7

Altars:
Dithmenos
Vehumet


Innate Abilities, Weirdness & Mutations

You are resistant to torment.
Your stone body is resilient. (AC +4)
You are immune to poison.
You resist negative energy. (rN+)
You are resistant to electric shocks. (rElec)
You can survive without breathing.
You are immune to petrification.
You are immune to rotting.


Message History

The two-headed ogre is severely wounded.
You slash the giant cockroach!
You kill the giant cockroach!
Trog accepts your kill.
You slash the two-headed ogre!
The two-headed ogre is severely wounded.
The two-headed ogre hits you with a +0 giant spiked club!!
* * * LOW HITPOINT WARNING * * *
The two-headed ogre closely misses you.
You closely miss the two-headed ogre.
The two-headed ogre is severely wounded.
Your chain mail prevents you from hitting the two-headed ogre.
The two-headed ogre is severely wounded.
The two-headed ogre hits you but does no damage. x2
You slash the two-headed ogre!
The two-headed ogre is almost dead.
The two-headed ogre hits you with a +0 giant spiked club!
* * * LOW HITPOINT WARNING * * *
The two-headed ogre hits you with a cursed -3 giant spiked club!
You die...

#.....##$.....## ###
##....##.........
#...###'####.........
#...................
#.........##......#
+.........##......#
#.................#
#...##....##......#
#... #....##.@....#
#>........#...O...#
+.........##......#
.........##......#
...................
..................[.
##.........
#......##.


You could see a two-headed ogre.

Vanquished Creatures
  An orc priest (D:3)
  Crazy Yiuf (D:3)
  A worker ant (D:3)
  2 orc wizards (D:4)
  Terence (D:3)
  Robin (D:3)
  2 adders
  An ooze (D:1)
  A worm (D:2)
  2 dart slugs (D:1)
  3 leopard geckos
  6 orcs
  A bat (D:3)
  3 giant cockroaches
  13 goblins
  8 hobgoblins
  5 jackals (D:2)
  9 kobolds
  A quokka (D:4)
  A ball python (D:2)
  3 frilled lizards (D:1)
  A leopard gecko skeleton (D:4)
  6 rats
73 creatures vanquished.

Notes
Turn   | Place    | Note
-------+----------+-------------------------------------------
     0 | D:1      | Fang the Gargoyle Berserker began the quest for the Orb.
     0 | D:1      | Reached XP level 1. HP: 14/14 MP: 1/1
    56 | D:1      | Reached XP level 2. HP: 19/19 MP: 2/2
   314 | D:1      | Reached XP level 3. HP: 17/23 MP: 3/3
   659 | D:2      | Reached ** piety under Trog
   660 | D:2      | Found a shadowy altar of Dithmenos.
   677 | D:2      | Found a radiant altar of Vehumet.
  1048 | D:2      | Reached XP level 4. HP: 26/29 MP: 4/4
  1341 | D:3      | Noticed Terence
  1352 | D:3      | Killed Terence
  1352 | D:3      | Reached skill level 4 in Fighting
  1444 | D:3      | Reached XP level 5. HP: 31/33 MP: 5/5
  1660 | D:3      | Noticed Robin
  1675 | D:3      | Killed Robin
  1961 | D:3      | Found a runed translucent door.
  1962 | D:3      | Noticed Crazy Yiuf
  1971 | D:3      | Killed Crazy Yiuf
  1971 | D:3      | Reached *** piety under Trog
  2291 | D:4      | Reached XP level 6. HP: 29/39 MP: 6/6
  2436 | D:4      | Noticed a two-headed ogre
  2448 | D:4      | Mangled by a two-headed ogre

Skill      XL: |  1  2  3  4 |
---------------+-------------+-----
Axes           | 3 |  3.9
Dodging        | 2 |  2.9
Fighting       | 4 |  4.6
Armour         | 3 |  3.8

Action                   |  1- 3 |  4- 6 || total
-------------------------+-------+-------++-------
Melee: Hand axe          |   118 |   120 ||   238
Invok: Berserk           |       |     5 ||     5
 Stab: Distracted        |       |     1 ||     1
  Eat: Chunk             |     1 |     8 ||     9
Armor: Animal skin       |    35 |     1 ||    36
       Chain mail        |       |    84 ||    84
Dodge: Dodged            |    81 |    67 ||   148
